 Dungeon Crawl Stone Soup version 0.31-a0-237-g2d982f9f85 (webtiles) character file.

Game seed: 10197145047699569210

139 qw the Shooter (level 5, 0/45 HPs)
             Began as a Minotaur Hexslinger on July 11, 2023.
             Slain by Robin
             ... wielding a +0 short sword
              (4 damage)
             ... on level 4 of the Dungeon.
             The game lasted 00:00:53 (1738 turns).

qw the Shooter (Minotaur Hexslinger)                Turns: 1738, Time: 00:00:53

Health: 0/45       AC:  3    Str: 13    XL:     5   Next: 1%
Magic:  5/5        EV: 12    Int: 10    God:
Gold:   108        SH:  5    Dex: 14    Spells: 5/6 levels left

rFire   . . .        Y - +1 sling (freeze)
rCold   . . .        (no shield)
rNeg    . . .        g - +0 leather armour
rPois   .            (helmet restricted)
rElec   .            (no cloak)
rCorr   .            (no gloves)
SInv    .            (no boots)
Will    .....        b - amulet of reflection
Stlth   +            (no ring)
HPRegen 0.27/turn    (no ring)
MPRegen 0.09/turn

%: reflection
@: no status effects
A: horns 2, retaliatory headbutt
a: no special abilities


You were on level 4 of the Dungeon.
You visited 1 branch of the dungeon, and saw 4 of its levels.

You collected 108 gold pieces.


Innate Abilities, Weirdness & Mutations

You have a pair of horns on your head.
You reflexively headbutt those who attack you in melee.


   Skills:
 - Level 3.0 Fighting
 + Level 5.1 Ranged Weapons
 - Level 2.1 Dodging
 - Level 1.0 Spellcasting
 - Level 2.0 Hexes


You had 5 spell levels left.
You knew the following spells:

 Your Spells              Type           Power      Damage    Failure   Level
a - Slow                  Hex            16%        N/A       19%         1

Your spell library contained the following spells:

 Spells                   Type           Power      Damage    Failure   Level
 Inner Flame              Hex/Fire       2%         N/A       65%         3
 Portal Projectile        Hex/Tloc       4%         N/A       65%         3
 Cause Fear               Hex            2%         N/A       88%         4

Inventory:

Hand Weapons
 Y - a +1 sling of freezing (weapon)
Armour
 g - a +0 leather armour (worn)
Jewellery
 b - an amulet of reflection (around neck)
Scrolls
 a - a scroll of identify
Potions
 c - a potion of resistance {unknown}
 e - a potion of enlightenment
 f - a potion of cancellation
 i - a potion of might {unknown}

Dungeon Overview and Level Annotations

Branches:
Dungeon (4/15)
 Temple: D:4-7

Altars:

Shops:
D:1 (

Annotations:
D:4 Robin


Message History

The goblin misses you.
You shoot a sling bullet. The sling bullet hits the goblin.
The sling bullet freezes the goblin.
You kill the goblin!
The goblin hits you with a +0 dagger.
The goblin unwields a +0 dagger.
The goblin wields a +0 sling.
The goblin shoots a sling bullet.
The sling bullet hits you but does no damage.
You shoot a sling bullet. The sling bullet hits the hobgoblin.
The sling bullet freezes the hobgoblin.
You kill the hobgoblin!
Robin throws the goblin at you!
The goblin hits you with a +0 dagger. x2
The goblin shoots a sling bullet.
The sling bullet misses you.
The sling bullet barely misses the goblin.
You shoot a sling bullet.
The sling bullet barely misses the goblin.
Robin throws the goblin at you! You block the goblin's attack. x2
The goblin shoots a sling bullet.
The sling bullet barely misses you.
The sling bullet closely misses the goblin.
You shoot a sling bullet. The sling bullet hits the goblin.
The sling bullet freezes the goblin.
You kill the goblin!
The goblin no longer looks unusually strong.
The goblin closely misses you. You furiously retaliate!
You headbutt the goblin.
You kill the goblin!
Robin throws the goblin at you! The goblin hits you with a +0 dagger.
The goblin shoots a sling bullet.
The sling bullet hits you. The goblin hits you with a +0 dagger.
Robin throws the goblin at you! The goblin hits you with a +0 club.
You have reached level 5!
You shoot a sling bullet.
The sling bullet closely misses the goblin.
The goblin no longer looks unusually strong.
The goblin unwields a +0 sling.
The goblin wields a +0 dagger.
The goblin barely misses you. You block the goblin's attack.
The goblin hits you with a +0 club.
You shoot a sling bullet.
The sling bullet closely misses the hobgoblin.
You block the goblin's attack. The goblin hits you with a +0 dagger.
The goblin closely misses you. Robin hits you with a +0 short sword.
You die...

... #.# . #
#####.###### .. #.
#..........#
...##.##..........#
......#........<..#
.........###.######
......ggg# #..#
#######@)# ##.# ...
#gg# .. $ #..# #..
#... ... #?...
.#..... .#......
..#.......


You could see Robin, a hobgoblin (strong) and 3 goblins.

Vanquished Creatures
  7 adders
  3 worms
  A dart slug (D:3)
  2 orcs (D:3)
  5 ball pythons
  An endoplasm (D:2)
  4 giant cockroaches
  8 hobgoblins
  7 jackals
  2 quokkas
  6 bats
  4 frilled lizards
  6 goblins
  3 kobolds
  2 rats
61 creatures vanquished.

Notes
Turn   | Place    | Note
-------+----------+-------------------------------------------
     0 | D:1      | qw the Minotaur Hexslinger began the quest for the Orb.
     0 | D:1      | Reached XP level 1. HP: 16/16 MP: 1/1
     0 | D:1      | Noticed an ice dragon
     0 | D:1      | Noticed a shadow dragon
     0 | D:1      | 0 ||| qw: Version: 0.3-a-52-g30416fa
     0 | D:1      | 0 ||| qw: Game counter: 5793
     0 | D:1      | 0 ||| qw: Melee chars always use a shield: true
     0 | D:1      | 0 ||| qw: God list: Okawaru
     0 | D:1      | 0 ||| qw: Allow faded altars: false
     0 | D:1      | 0 ||| qw: Do Orc after clearing Dungeon:15 true
     0 | D:1      | 0 ||| qw: Do second Lair branch before Depths: true
     0 | D:1      | 0 ||| qw: Lair rune preference: random
     0 | D:1      | 0 ||| qw: Goals: Normal
     0 | D:1      | 0 ||| PLANNING D:1-11
     1 | D:1      | Noticed a tentacled monstrosity
     2 | D:1      | Noticed an orb of fire
     4 | D:1      | Noticed a tentacled monstrosity
     4 | D:1      | Noticed a tentacled monstrosity
     7 | D:1      | Noticed a large abomination
     8 | D:1      | Noticed an ice dragon
     9 | D:1      | Noticed a shadow dragon
    11 | D:1      | Noticed a golden dragon
    13 | D:1      | Noticed an orb of fire
    15 | D:1      | Noticed an iron dragon
    15 | D:1      | Noticed an iron dragon
    17 | D:1      | Noticed a shadow dragon
    17 | D:1      | Noticed an ice dragon
    19 | D:1      | Noticed an ice dragon
    19 | D:1      | Noticed a shadow dragon
   128 | D:1      | Reached skill level 3 in Ranged Weapons
   128 | D:1      | Reached XP level 2. HP: 19/23 MP: 2/2
   169 | D:1      | Found Qisy's Weapon Shop.
   320 | D:1      | Noticed a golden eye
   321 | D:1      | Found a faded altar of an unknown god.
   323 | D:1      | 323 ||| READING scroll labelled HUHIES FI NUA.
   328 | D:1      | 328 ||| FLEEEEING.
   329 | D:1      | 329 ||| FLEEEEING.
   330 | D:1      | 330 ||| FLEEEEING.
   331 | D:1      | 331 ||| FLEEEEING.
   332 | D:1      | 332 ||| FLEEEEING.
   334 | D:1      | 334 ||| FLEEEEING.
   335 | D:1      | 335 ||| FLEEEEING.
   336 | D:1      | 336 ||| FLEEEEING.
   337 | D:1      | 337 ||| FLEEEEING.
   338 | D:1      | 338 ||| FLEEEEING.
   339 | D:1      | 339 ||| FLEEEEING.
   340 | D:1      | 340 ||| FLEEEEING.
   341 | D:1      | 341 ||| FLEEEEING.
   342 | D:1      | 342 ||| FLEEEEING.
   343 | D:1      | 343 ||| FLEEEEING.
   344 | D:1      | 344 ||| FLEEEEING.
   345 | D:1      | 345 ||| FLEEEEING.
   348 | D:1      | 348 ||| FLEEEEING.
   349 | D:1      | 349 ||| FLEEEEING.
   350 | D:1      | 350 ||| FLEEEEING.
   351 | D:1      | 351 ||| FLEEEEING.
   352 | D:1      | 352 ||| FLEEEEING.
   573 | D:1      | Noticed a shining eye
   577 | D:1      | Noticed a shining eye
   577 | D:1      | Noticed an eye of devastation
   591 | D:1      | 591 ||| DROPPING amulet of magic regeneration.
   592 | D:1      | 592 ||| READING scroll labelled ZEBULAE PESS.
   593 | D:1      | 593 ||| READING scroll labelled ROLEKHU FUBRU.
   594 | D:1      | 594 ||| READING scroll labelled PAKONK LAFRU.
   595 | D:1      | 595 ||| READING scroll labelled ZAULOH KEBO.
   596 | D:1      | 596 ||| DROPPING scroll of poison.
   643 | D:2      | Reached XP level 3. HP: 29/29 MP: 3/3
   821 | D:2      | Reached skill level 4 in Ranged Weapons
  1208 | D:2      | 1208 ||| READING 2 scrolls labelled EMOUGAJIAN.
  1209 | D:2      | 1209 ||| READING scroll of brand weapon.
  1209 | D:2      | 1209 ||| BRANDING +1 sling of flaming.
  1210 | D:2      | 1210 ||| READING scroll labelled ZIASYP ZAZE.
  1215 | D:2      | 1215 ||| DRINKING 2 silvery potions.
  1216 | D:2      | 1216 ||| READING 3 scrolls of identify.
  1216 | D:2      | 1216 ||| IDENTIFYING black potion
  1217 | D:2      | 1217 ||| DROPPING potion of degeneration.
  1218 | D:2      | 1218 ||| DROPPING potion of attraction.
  1263 | D:3      | Reached XP level 4. HP: 33/36 MP: 4/4
  1369 | D:3      | Reached skill level 5 in Ranged Weapons
  1404 | D:3      | Reached skill level 3 in Fighting
  1675 | D:3      | 1675 ||| UPGRADING to +0 leather armour.
  1685 | D:3      | 1685 ||| DROPPING +0 robe.
  1686 | D:3      | 1686 ||| UPGRADING to amulet of reflection.
  1691 | D:3      | 1691 ||| READING scroll labelled VUORILLURPHE.
  1692 | D:3      | 1692 ||| READING scroll labelled OPTOUS ZIEZUSH.
  1693 | D:3      | 1693 ||| READING 3 scrolls of identify.
  1693 | D:3      | 1693 ||| IDENTIFYING fuming silvery potion
  1694 | D:3      | 1694 ||| READING 2 scrolls of identify.
  1694 | D:3      | 1694 ||| IDENTIFYING bubbling golden potion
  1724 | D:4      | Noticed Robin
  1736 | D:4      | HP: 9/38 [Robin/goblin (2)]
  1737 | D:4      | Reached XP level 5. HP: 7/45 MP: 5/5
  1738 | D:4      | HP: 4/45 [goblin/+0 dagger[Robin] (2)]
  1738 | D:4      | Slain by Robin

Levels and vault maps discovered:
D:1:      shiori_arrival_whats_in_store_for_you, layout_basic,
          hellmonk_ecumenical_altar_watching_god, serial_shops, shop,
          minmay_misc_feat_four_crosses
D:2:      layout_basic, minmay_pentomino_p2
D:3:      layout_rooms, skrybe_limestone_x, minmay_vboxes
D:4:      layout_rooms, nicolae_overflow_two_pavilions, gammafunk_ghost_split,
          uniq_robin

Skill      XL: |  1  2  3  4 |
---------------+-------------+-----
Ranged Weapons | 3 4 5 |  5.1
Fighting       | 2 3 |  3.0
Dodging        | |  2.1
Spellcasting   | |  1.0
Hexes          | |  2.0

Action                     |  1- 3 |  4- 6 || total
---------------------------+-------+-------++-------
   Fire: Sling             |   116 |    53 ||   169
    Use: Scroll            |     9 |     4 ||    13
         Potion            |     1 |       ||     1
 Armour: Robe              |    20 |     3 ||    23
         Leather armour    |       |     6 ||     6
  Dodge: Dodged            |    41 |    15 ||    56
  Block: Other             |       |     4 ||     4

Table legend:
 A = Non-vault XP
 B = Vault XP
 C = Vault XP percentage of total XP
 D = Non-vault monster count
 E = Vault monster count
 F = Vault count percentage of total count
                 A         B        C        D         E       F
            +---------+---------+-------+---------+---------+-------
      Total |     134 |      65 |  32.7 |      46 |      15 |  24.6
            +---------+---------+-------+---------+---------+-------
        D:1 |      33 |       0 |   0.0 |      22 |       0 |   0.0
        D:2 |      49 |      13 |  21.0 |      13 |       1 |   7.1
        D:3 |      52 |      38 |  42.2 |      11 |       7 |  38.9
        D:4 |       0 |      14 | 100.0 |       0 |       7 | 100.0
            +---------+---------+-------+---------+---------+-------
